 Dungeon Crawl Stone Soup version 0.30.0-5-g1a98f26d00 (webtiles) character file.

Game seed: 12389243460274580028

70 retardedninja the Firebug (level 4, 0/32 HPs)
             Began as a Gnoll Fire Elementalist on May 11, 2023.
             Was a Follower of Ru.
             Killed from afar by Sigmund (10 damage)
             ... with a puff of flame
             ... on level 2 of the Dungeon.
             The game lasted 00:02:39 (1627 turns).

retardedninja the Firebug (Gnoll Fire Elementalist) Turns: 1627, Time: 00:02:40

Health: 0/32       AC:  2    Str:  7    XL:     4   Next: 21%
Magic:  6/11       EV: 11    Int: 17    God:    Ru [*.....]
Gold:   23         SH:  0    Dex: 12    Spells: 10/13 levels left

rFire   . . .        f - +0 spear
rCold   . . .        (no shield)
rNeg    . . .        a - +0 robe
rPois   .            (no helmet)
rElec   .            (no cloak)
rCorr   .            (no gloves)
SInv    .            (no boots)
Will    .....        (no amulet)
Stlth   ++           (no ring)
HPRegen 0.25/turn    (no ring)
MPRegen 0.12/turn

%: no passive effects
@: flying
A: fangs 1, inability to train dodging, strong nose, distributed training
a: Renounce Religion


You were on level 2 of the Dungeon.
You worshipped Ru.
Ru was aware of your devotion.
You visited 1 branch of the dungeon, and saw 2 of its levels.

You collected 23 gold pieces.

Inventory:

Hand Weapons
 f - a +0 spear (weapon)
Armour
 a - a +0 robe (worn)
Scrolls
 c - 2 scrolls of enchant weapon {unknown}
 d - 2 scrolls of identify {unknown}
 e - 3 scrolls of fog {unknown}
 g - a scroll of acquirement {unknown}
 h - a scroll of magic mapping {unknown}
 i - a scroll of teleportation {unknown}
Potions
 b - a potion of magic


   Skills:
 + Level 1.1 Fighting
 + Level 1.1 Short Blades
 + Level 1.1 Long Blades
 + Level 1.1 Axes
 + Level 1.1 Maces & Flails
 + Level 1.1 Polearms
 + Level 1.1 Staves
 + Level 1.1 Ranged Weapons
 + Level 1.1 Throwing
 + Level 1.1 Armour
   Level 0.0 Dodging
 + Level 4.2 Stealth
 + Level 1.1 Shields
 + Level 1.1 Unarmed Combat
 + Level 5.0 Spellcasting
 + Level 2.2 Conjurations
 + Level 0.8 Hexes
 + Level 0.8 Summonings
 + Level 0.8 Necromancy
 + Level 0.8 Translocations
 + Level 0.8 Transmutations
 + Level 5.4 Fire Magic
 + Level 0.8 Ice Magic
 + Level 0.8 Air Magic
 + Level 0.8 Earth Magic
 + Level 0.8 Poison Magic
 + Level 1.2 Invocations
 + Level 1.1 Evocations


You had 10 spell levels left.
You knew the following spells:

 Your Spells              Type           Power      Damage    Failure   Level
a - Foxfire               Conj/Fire      68%        2x1d7     3%          1
b - Scorch                Fire           44%        2d6       2%          2

Your spell library contained the following spells:

 Spells                   Type           Power      Damage    Failure   Level
 Sting                    Tmut/Pois      28%        1d4       10%         1
 Inner Flame              Hex/Fire       15%        N/A       12%         3
 Volatile Blastmotes      Fire/Tloc      30%        2d12      12%         3
 Flame Wave               Conj/Fire      17%        2d7       28%         4


Dungeon Overview and Level Annotations

Branches:
Dungeon (2/15)

Altars:
Ru

Annotations:
D:2 Sigmund


Innate Abilities, Weirdness & Mutations

You have very sharp teeth.
You cannot train Dodging skill.
Your uncanny sense of smell can sniff out nearby items.
Your experience applies equally to all skills.


Message History

Sigmund shouts!
Sigmund mumbles some strange words.
Sigmund flickers and vanishes!
Deactivating autopickup; reactivate with Ctrl-A.
The foxfire hits something.
Your foxfire dissipates! x2
You conjure some foxfire!
The foxfire hits something.
The foxfire hits something. x2
You conjure some foxfire!
The foxfire hits something but does no damage. x2
A magic dart appears from out of thin air!
The magic dart hits you.
You conjure some foxfire!
A magic dart appears from out of thin air!
The magic dart hits you.
The foxfire hits something.
A magic dart appears from out of thin air!
The magic dart hits you.
You are too injured to fight recklessly!
The foxfire hits something but does no damage.
You are too injured to fight recklessly!
A puff of flame appears from out of thin air!
The puff of flame hits you.
Casting: Foxfire (safe; 3% risk of failure)
Press: ? - help, Q - select action, (/) - cycle Dir - look around, f - activate You conjure some foxfire!
The foxfire hits something.
Something hits you!
* * * LOW HITPOINT WARNING * * *
The foxfire hits something but does no damage.
Casting: Foxfire (safe; 3% risk of failure)
Press: ? - help, Q - select action, (/) - cycle Dir - look around, f - activate You conjure some foxfire!
It was a potion of flight.
You feel very buoyant.
You fly up into the air.
The foxfire hits something but does no damage.
The foxfire hits something.
A puff of flame appears from out of thin air!
The puff of flame hits you!
You die...

#.# ###...)...† #.#
########### #....#.#. #.#
#......... ........+...
##'#####......#
####....#.##
........>.....## ######.##
....#.##.#.#...# ####
....#....#.#.#.###### #
....#..#.#.#.#......#######
....#..#.#.#....@..{.......
....#..#.#.#########..#####
....#..#.... ...#
....######.# .#.# ..... ..#
.#..# ## ### $# ... .. # .#
### . # .# #. # #.##


There were no monsters in sight!

Vanquished Creatures
  3 adders (D:2)
  A dart slug (D:1)
  3 bats (D:1)
  4 endoplasms
  2 giant cockroaches
  5 goblins
  4 hobgoblins
  4 jackals
  A kobold (D:1)
  3 quokkas (D:1)
  A ball python (D:2)
  3 frilled lizards
  3 rats
37 creatures vanquished.

Vanquished Creatures (collateral kills)
  6 foxfires (D:1)
6 creatures vanquished.

Vanquished Creatures (others)
  162 foxfires
162 creatures vanquished.

Grand Total: 205 creatures vanquished

Notes
Turn   | Place    | Note
-------+----------+-------------------------------------------
     0 | D:1      | retardedninja the Gnoll Fire Elementalist began the quest
                  | for the Orb.
     0 | D:1      | Reached XP level 1. HP: 13/13 MP: 6/6
   171 | D:1      | Reached XP level 2. HP: 19/19 MP: 3/7
   245 | D:1      | Found a faded altar of an unknown god.
   248 | D:1      | Got Plato's Omnibus of Vicissitude
   361 | D:1      | Prayed at the altar of an unknown god.
   361 | D:1      | Became a worshipper of Ru the Awakened
   377 | D:1      | Gained mutation: You cannot train Dodging skill. [Ru
                  | sacrifice]
   377 | D:1      | Reached * piety under Ru
   680 | D:1      | Reached XP level 3. HP: 25/25 MP: 5/9
   687 | D:1      | Reached skill level 5 in Spellcasting
   931 | D:2      | Reached skill level 1 in Invocations
  1029 | D:2      | Learned a level 2 spell: Scorch
  1178 | D:2      | Reached skill level 1 in Fighting
  1178 | D:2      | Reached skill level 1 in Short Blades
  1178 | D:2      | Reached skill level 1 in Long Blades
  1178 | D:2      | Reached skill level 1 in Axes
  1178 | D:2      | Reached skill level 1 in Maces & Flails
  1178 | D:2      | Reached skill level 1 in Polearms
  1178 | D:2      | Reached skill level 1 in Staves
  1178 | D:2      | Reached skill level 1 in Ranged Weapons
  1178 | D:2      | Reached skill level 1 in Throwing
  1178 | D:2      | Reached skill level 1 in Armour
  1178 | D:2      | Reached skill level 1 in Shields
  1178 | D:2      | Reached skill level 1 in Unarmed Combat
  1178 | D:2      | Reached skill level 1 in Evocations
  1215 | D:2      | Reached XP level 4. HP: 24/32 MP: 1/11
  1608 | D:2      | Noticed Sigmund
  1627 | D:2      | Killed from afar by Sigmund

Illustrated notes

Levels and vault maps discovered:
D:1:      amcnicky_arrival_double_pillar, layout_rooms,
          shapermc_ecumenical_altar_rom_forum
D:2:      layout_basic, hangedman_decor_slide_cut, uniq_sigmund

Skill      XL: |  1  2  3 |
---------------+----------+-----
Conjurations   | 2 |  2.2
Dodging        | 0 |  0.0
Spellcasting   | 5 |  5.0
Invocations    | 1 |  1.2
Fighting       | 1 |  1.1
Short Blades   | 1 |  1.1
Long Blades    | 1 |  1.1
Axes           | 1 |  1.1
Maces & Flails | 1 |  1.1
Polearms       | 1 |  1.1
Staves         | 1 |  1.1
Ranged Weapons | 1 |  1.1
Throwing       | 1 |  1.1
Armour         | 1 |  1.1
Shields        | 1 |  1.1
Unarmed Combat | 1 |  1.1
Evocations     | 1 |  1.1
Stealth        | |  4.2
Hexes          | |  0.8
Summonings     | |  0.8
Necromancy     | |  0.8
Translocations | |  0.8
Transmutations | |  0.8
Fire Magic     | |  5.4
Ice Magic      | |  0.8
Air Magic      | |  0.8
Earth Magic    | |  0.8
Poison Magic   | |  0.8

Action                     |  1- 3 |  4- 6 || total
---------------------------+-------+-------++-------
  Melee: Spear             |       |     3 ||     3
         Bite              |       |     1 ||     1
   Cast: Foxfire           |    83 |    19 ||   102
         Scorch            |     1 |       ||     1
 Invoke: Sacrifice Nimblen |     1 |       ||     1
    Use: Potion            |       |     1 ||     1
 Armour: Robe              |     2 |       ||     2
  Dodge: Dodged            |     7 |     2 ||     9
